 Dungeon Crawl Stone Soup version 0.30-a0-964-gd452b5e7fa (webtiles) character file.

Game seed: 4598631691010603952

11 juan097 the Caller (level 2, -3/19 HPs)
             Began as a Human Wanderer on Mar 30, 2023.
             Slain by a gnoll
             ... wielding a +0 short sword
              (9 damage)
             ... on level 1 of the Dungeon.
             The game lasted 00:01:24 (201 turns).

juan097 the Caller (Human Wanderer)                  Turns: 201, Time: 00:01:25

Health: -3/19      AC:  2    Str: 11    XL:     2   Next: 35%
Magic:  5/5        EV: 11    Int: 12    God:
Gold:   13         SH:  0    Dex: 13    Spells: 4/5 levels left

rFire   . . .      SeeInvis .    a - +0 quarterstaff
rCold   . . .      Faith    .    (shield currently unavailable)
rNeg    . . .      Spirit   .    d - +0 robe
rPois   .          Reflect  .    (no helmet)
rElec   .          Rampage  .    (no cloak)
rCorr   .                        (no gloves)
Will    .....                    (no boots)
Stlth   ++                       (no amulet)
HPRegen 0.23/turn                (no ring)
MPRegen 0.09/turn                (no ring)

@: no status effects
A: no striking features
a: no special abilities


You were on level 1 of the Dungeon.
You visited 1 branch of the dungeon, and saw 1 of its levels.

You collected 13 gold pieces.

Inventory:

Hand Weapons
 a - a +0 quarterstaff (weapon)
Armour
 d - a +0 robe (worn)
Wands
 b - a wand of polymorph (4)
Scrolls
 f - a scroll of immolation {unknown}
Potions
 c - a potion of berserk rage
 e - a potion of curing {unknown}


   Skills:
 + Level 2.3 Staves
 + Level 1.0 Stealth
 - Level 2.0 Spellcasting
 + Level 3.2 Summonings
 - Level 3.0 Evocations


You had 4 spell levels left.
You knew the following spells:

 Your Spells              Type           Power      Damage    Failure   Level
a - Summon Small Mammal   Summ           36%        N/A       7%          1

Your spell library contained the following spells:

 Spells                   Type           Power      Damage    Failure   Level
 Summon Ice Beast         Ice/Summ       5%         N/A       80%         4
 Summon Lightning Spire   Summ/Air       5%         N/A       80%         4


Dungeon Overview and Level Annotations

Branches:
Dungeon (1/15)

Altars:


Message History

Your bat hits the kobold but does no damage.
The kobold hits you with a +0 short sword.
Your bat hits the kobold.
Your Stealth skill increases to level 1!
You hit the kobold.
You kill the kobold!
A gnoll comes into view. It is wielding a +0 short sword.
The gnoll hits your rat with a +0 short sword.
Your rat dies!
Your rat's corpse disappears in a puff of smoke!
Your bat hits the gnoll but does no damage.
The gnoll hits you with a +0 short sword.
You closely miss the gnoll.
Your bat closely misses the gnoll.
Your bat hits the gnoll but does no damage.
The gnoll barely misses you.
You hit the gnoll.
The gnoll is moderately wounded.
Your bat hits the gnoll but does no damage.
The gnoll closely misses you.
You barely miss the gnoll.
The gnoll is moderately wounded.
Your bat hits the gnoll but does no damage. x2
The gnoll hits you with a +0 short sword.
You are too injured to fight recklessly!
You are too injured to fight recklessly!
You hit the gnoll.
The gnoll is heavily wounded.
Your bat hits the gnoll but does no damage.
Your bat closely misses the gnoll.
The gnoll barely misses you.
You barely miss the gnoll.
The gnoll is heavily wounded.
Your bat hits the gnoll but does no damage.
The gnoll hits you with a +0 short sword.
* * * LOW HITPOINT WARNING * * *
You barely miss the gnoll.
The gnoll is heavily wounded.
Your bat hits the gnoll but does no damage.
The gnoll barely misses you.
The gnoll hits you with a +0 short sword!
You die...

#... #..#... #.#. ......
# ##..... . .. #.#.
...... .... ....
#.#..##.#..# #.#.
#.......#..# #.#. ###
#.#).####..# ....
.....#@b..##....##.#.#.
......g....##.#.......#.
#..####.#).##.#..##.#.#.
#.#..##...........
#.#..............
#.##.####.###.### #.####
#.# #.#### ..# #.#
#..... ## #.# #.....


You could see a gnoll (ally target) and a friendly bat (summoned).

Vanquished Creatures
  A dart slug (D:1)
  A bat (D:1)
  A giant cockroach (D:1)
  2 goblins (D:1)
  3 kobolds (D:1)
8 creatures vanquished.

Notes
Turn   | Place    | Note
-------+----------+-------------------------------------------
     0 | D:1      | juan097 the Human Wanderer began the quest for the Orb.
     0 | D:1      | juan097 set off with the following items: a +0
                  | quarterstaff, a wand of polymorph (4), a potion of berserk
                  | rage, a +0 robe; and the following spell memorised: Summon
                  | Small Mammal; and the following spells available to
                  | memorise: Summon Ice Beast, Summon Lightning Spire.
     0 | D:1      | Reached XP level 1. HP: 13/13 MP: 3/3
    82 | D:1      | Reached XP level 2. HP: 15/19 MP: 5/5
   194 | D:1      | Reached skill level 1 in Stealth
   201 | D:1      | Slain by a gnoll

Illustrated notes

Levels and vault maps discovered:
D:1:      minmay_arrival_solitary_statue, layout_basic, minmay_tetromino_i4

Skill      XL: |  1  2 |
---------------+-------+-----
Stealth        | 1 |  1.0
Staves         | |  2.3
Spellcasting   | |  2.0
Summonings     | |  3.2
Evocations     | |  3.0

Action                     || total
---------------------------++-------
  Melee: Quarterstaff      ||    16
   Cast: Summon Small Mamm ||     2
   Stab: Sleeping          ||     1
 Armour: Robe              ||     2
  Dodge: Dodged            ||     8

Table legend: (Time is in decaauts)
 A = Elapsed time spent in this place.
 B = Non-inter-level travel time spent in this place.
 C = Inter-level travel time spent in this place.
 D = Time resting spent in this place.
 E = Time spent auto-exploring this place.
 F = Levels seen in this place.
 G = Mean time per level.
                   A        B        C        D        E       F      G
               +--------+--------+--------+--------+--------+-----+--------+
         Total |    203 |    203 |      0 |      0 |    150 |   1 |  203.0 |
       Dungeon |    203 |    203 |      0 |      0 |    150 |   1 |  203.0 |
               +--------+--------+--------+--------+--------+-----+--------+

Top non-repeatable levels by time:
     D:1: 203 daAuts
